 Dungeon Sprint DCSS version 0.16-a0-3625-g2624681 (webtiles) character file.

161 BluebellGnoll the Protected (level 5, -10/46 HPs)
             Began as a Deep Dwarf Berserker on Jan 14, 2015.
             Was an Elder of Trog.
             Mangled by a hill giant
             ... wielding a +0 giant spiked club
              (31 damage)
             ... in the Dungeon (Sprint IX: "|||||||||||||||||||||||||||||").
             The game lasted 00:03:15 (153 turns).

BluebellGnoll the Protected (Deep Dwarf Berserker)   Turns: 153, Time: 00:03:15

Health: -10/46     AC: 16    Str: 25    XL:     5   Next: 19%
Magic:  8/8        EV:  8    Int:  7    God:    Trog [****..]
Gold:   0          SH:  0    Dex: 15    Spells: 0 memorised, 4 levels left

rFire  . . .     SeeInvis .     m - +1 broad axe (freeze)
rCold  . . .     Clarity  .     n - +0 plate armour
rNeg   . . .     SustAb   .     (no shield)
rPois  .         Gourm    .     (no helmet)
rElec  .         Spirit   .     a - +0 cloak
rCorr  .         Warding  .     (no gloves)
rMut   .         NoTele   +     (no boots)
MR     .....                    (no amulet)
Stlth  ..........               p - +3 ring of dexterity
                                o - +3 ring of strength

@: non-regenerating, not resistant to hostile enchantments, extremely unstealthy
A: damage resistance, recharge devices, sense surroundings 1, slow healing 3
a: Device Recharging, Burn Spellbooks, Berserk, Trog's Hand, Brothers in Arms,
Renounce Religion


You were in the Dungeon.
You worshipped Trog.
Trog was greatly pleased with you.
You were not hungry.

You visited 1 branch

Inventory:

Hand weapons
 m - a +1 broad axe of freezing (weapon)
Armour
 a - a +0 cloak (worn)
 b - a +0 animal skin
 n - a +0 plate armour (worn)
Jewellery
 o - a +3 ring of strength (left hand)
 p - a +3 ring of dexterity (right hand)
Magical devices
 c - a wand of heal wounds (5)
 l - a wand of fire (7)
Scrolls
 j - 2 scrolls of blinking
 k - 3 scrolls of remove curse
Potions
 e - 5 potions of curing
 f - 3 potions of heal wounds
 g - a potion of invisibility
 h - 4 potions of magic
 i - a potion of berserk rage
Comestibles
 d - a bread ration


   Skills:
 - Level 2.6 Fighting
 - Level 5.4 Axes
 + Level 10.2 Armour
 - Level 2.1 Dodging
 - Level 4.5 Evocations


You had 4 spell levels left.
You didn't know any spells.

Dungeon Overview and Level Annotations

Branches:
Dungeon (1/1)

Altars:
Cheibriados
Dithmenos
Elyvilon
Fedhas
Gozag
Kikubaaqudgha
Makhleb
Nemelex Xobeh
Okawaru
Qazlal
Ru
Sif Muna
Trog
Vehumet
Xom
Yredelemnul
Zin
The Shining One
Beogh
Jiyva
Lugonu


Innate Abilities, Weirdness & Mutations

You are resistant to damage.
You can recharge devices by infusing magical energy.
You passively map a small area around you.
You do not heal naturally.


Message History

You miss the hound. The hound barely misses you. The hound bites you.
You slice the hound!! You freeze the hound.
You kill the hound!
Trog accepts your kill.
Your Armour skill increases to level 10!
You have reached level 5!
You closely miss the hobgoblin.
The hobgoblin hits you but does no damage.
Unknown command.
You closely miss the hobgoblin. The hobgoblin closely misses you.
The hobgoblin hits you with a club.
You completely miss the hobgoblin.
The hobgoblin hits you but does no damage.
Unknown command.
You hit the hobgoblin. You freeze the hobgoblin.
You kill the hobgoblin!
Trog accepts your kill.
The hill giant hits you with a giant spiked club!!
Ouch! That really hurt!
You die...

▓?▓
*
▓|▓
*,
▓)▓
,*
▓[▓
,*,
▓.▓
*,
▓.▓,
▓.▓
,*
▓h▓
*,
▓@▓
*,
▓C▓
▓r▓
▓.▓
* *
▓.▓
*
▓.▓
▓.▓
*
▓+▓


You could see a hill giant, a rat and a friendly black bear (berserk).

Vanquished Creatures
  A big kobold (D)
  A hound (D)
  An adder (D)
  2 bats (D)
  3 hobgoblins (D)
  3 giant newts (D)
  2 kobolds (D)
13 creatures vanquished.

Vanquished Creatures (collateral kills)
  An ogre (D)
1 creature vanquished.

Vanquished Creatures (others)
  A spatial maelstrom (D)
1 creature vanquished.

Grand Total: 15 creatures vanquished

Notes
Turn   | Place    | Note
--------------------------------------------------------------
     0 | D        | BluebellGnoll, the Deep Dwarf Berserker, began the quest for the Orb.
     0 | D        | Reached XP level 1. HP: 20/20 MP: 1/1
    17 | D        | Acquired Trog's second power
    20 | D        | Reached skill level 4 in Evocations
    21 | D        | Banished a spatial maelstrom
    60 | D        | Reached skill level 5 in Axes
    60 | D        | Reached XP level 2. HP: 27/27 MP: 3/3
    63 | D        | Acquired Trog's third power
    74 | D        | Found a glowing silver altar of Zin.
    74 | D        | Found a glowing golden altar of the Shining One.
    74 | D        | Found an ancient bone altar of Kikubaaqudgha.
    74 | D        | Found a basalt altar of Yredelemnul.
    74 | D        | Found a shimmering altar of Xom.
    74 | D        | Found a radiant altar of Vehumet.
    74 | D        | Found an iron altar of Okawaru.
    75 | D        | Found a burning altar of Makhleb.
    76 | D        | Found a deep blue altar of Sif Muna.
    77 | D        | Found a bloodstained altar of Trog.
    78 | D        | Found a sparkling altar of Nemelex Xobeh.
    79 | D        | Found a white marble altar of Elyvilon.
    80 | D        | Found a roughly hewn altar of Beogh.
    81 | D        | Found a viscous altar of Jiyva.
    82 | D        | Found a corrupted altar of Lugonu.
    83 | D        | Found a blossoming altar of Fedhas.
    84 | D        | Found a snail-covered altar of Cheibriados.
    85 | D        | Found a shadowy altar of Dithmenos.
    86 | D        | Found a stormy altar of Qazlal.
    87 | D        | Found an opulent altar of Gozag.
    88 | D        | Found a sacrificial altar of Ru.
   138 | D        | Noticed a big kobold
   138 | D        | Noticed an ogre
   138 | D        | Noticed a hound
   138 | D        | Noticed a hill giant
   145 | D        | Killed a big kobold
   145 | D        | Reached skill level 7 in Armour
   145 | D        | Reached XP level 3. HP: 30/33 MP: 5/5
   145 | D        | Reached XP level 4. HP: 36/40 MP: 7/7
   146 | D        | Killed an ogre
   146 | D        | Reached skill level 9 in Armour
   149 | D        | Killed a hound
   149 | D        | Reached skill level 10 in Armour
   149 | D        | Reached XP level 5. HP: 23/46 MP: 8/8
   153 | D        | Mangled by a hill giant

Action                   |  1- 3 |  4- 6 || total
-------------------------+-------+-------++-------
Melee: Hand axe          |    41 |       ||    41
       Broad axe         |     6 |     6 ||    12
Invok: Trog's Hand       |     1 |       ||     1
       Brothers in Arms  |     1 |       ||     1
  Use: Potion            |     1 |       ||     1
